 Dungeon Crawl Stone Soup version 0.30-a0-718-geaa24f58ff (webtiles) character file.

Game seed: 14325362085158305615

46285 MackTheKnife the Eclecticist (level 14, -4/86 HPs)
             Began as a Deep Elf Wanderer on Jan 25, 2023.
             Was an Elder of Ashenzari.
             Succumbed to poison (dark miasma)
             ... in a Gauntlet.
             The game lasted 00:39:15 (19308 turns).

MackTheKnife the Eclecticist (Deep Elf Wanderer)   Turns: 19308, Time: 00:39:15

Health: -4/86      AC: 15    Str:  7    XL:     14   Next: 4%
Magic:  5/38       EV: 23    Int: 22    God:    Ashenzari [****..]
Gold:   1058       SH:  0    Dex: 23    Spells: 16/50 levels left

rFire   . . .      SeeInvis +    k - +1 dagger "Enlightened Malaise" {drain, short, Fort, Elem} (curse)
rCold   . . .      Faith    .    (no shield)
rNeg    . . .      Spirit   +    e - +1 steam dragon scales "Astrological Discomfort" {Elem, Cun} (curse)
rPois   .          Reflect  .    M - +2 hat of Cremastomancy {Evo, Alch} (curse)
rElec   .          Harm     .    K - +1 cloak "Pimuohoi" {Stlth+}
rCorr   .          Rampage  .    b - +1 pair of gloves of the Cryptic Disgust {Evo, Cun} (curse)
Will    ++...      Clarity  +    f - +2 pair of boots
Stlth   ++         NoTele   +    w - amulet of the Restrained Seeker {Spirit, Elem, Bglg} (curse)
HPRegen 0.34/turn                Y - ring of the Ensconced Planets {Will+, Range, Alch} (curse)
MPRegen 0.26/turn                D - ring of the Wild Blue Yonder {Dex+6, Self, Bglg} (curse)

@: lethally poisoned (-4 -> -36), contaminated, slowed, glowing, very slow
A: no striking features
a: Renounce Religion, Shatter the Chains


You were in a Gauntlet.
You worshipped Ashenzari.
Ashenzari was greatly pleased with you.
You visited 2 branches of the dungeon, and saw 16 of its levels.
You also visited: Gauntlet.

You collected 1058 gold pieces.


   Skills:
 - Level 7.3(9.3) Fighting
 - Level 2.2 Staves
 - Level 1.0(2.1) Armour
 - Level 10.4(13.4) Dodging
 - Level 4.8(7.6) Stealth
 - Level 2.9 Unarmed Combat
 + Level 17.0(18.8) Spellcasting
 - Level 5.5(8.4) Conjurations
 - Level 5.6(8.5) Hexes
 + Level 11.7(14.6) Transmutations
 - Level 5.5(9.3) Ice Magic
 - Level 5.0(8.7) Air Magic
 - Level 8.6(11.6) Poison Magic


You had 16 spell levels left.
You knew the following spells:

 Your Spells              Type           Power      Damage    Failure   Level
a - Olgreb's Toxic Radia  Pois           64%        N/A       1%          4
b - Tukima's Dance        Hex            55%        N/A       1%          3
c - Spider Form           Tmut/Pois      68%        N/A       1%          3
d - Ignite Poison         Fire/Tmut/Pois 56%        N/A       1%          3
e - Freezing Cloud        Conj/Ice/Air   28%        6-21      1%          5
f - Storm Form            Tmut/Air       32%        N/A       17%         7
g - Manifold Assault      Tloc           22%        N/A       21%         4
h - Irradiate             Conj/Tmut      32%        3d22      1%          5

Your spell library contained the following spells:

 Spells                   Type           Power      Damage    Failure   Level
 Beastly Appendage        Tmut           100%       N/A       0%          1
 Sting                    Tmut/Pois      100%       1d8       0%          1
 Wereblood                Tmut           71%        N/A       0%          2
 Apportation              Tloc           44%        N/A       1%          1
 Slow                     Hex            100%       N/A       1%          1
 Cigotuvi's Dreadful Rot  Necr/Pois/Air  100%       N/A       1%          2
 Momentum Strike          Conj/Tloc      80%        3d10      1%          2
 Poisonous Vapours        Pois/Air       100%       N/A       1%          2
 Inner Flame              Hex/Fire       40%        N/A       1%          3
 Kindle Blastsparks       Fire/Tloc/Air  68%        2d15      1%          3
 Stone Arrow              Conj/Erth      80%        3d12      1%          3
 Airstrike                Air            28%        2d(4-20)  1%          4
 Petrify                  Tmut/Erth      52%        N/A       1%          4
 Lightning Bolt           Conj/Air       27%        1d44      1%          5
 Necrotise                Necr           80%        1d8       2%          1
 Summon Small Mammal      Summ           80%        N/A       2%          1
 Blink                    Tloc           44%        N/A       3%          2
 Sublimation of Blood     Necr           20%        N/A       3%          2
 Summon Lightning Spire   Summ/Air       39%        N/A       4%          4
 Teleport Other           Tloc           22%        N/A       6%          3
 Animate Armour           Summ/Erth      42%        N/A       22%         4
 Lehudib's Crystal Spear  Conj/Erth      20%        10d6      100%        8

Inventory:

Hand Weapons
 a - a +5 long sword of freezing {long}
   (You found it on level 7 of the Dungeon)
 k - the cursed +1 dagger "Enlightened Malaise" (weapon) {drain, short, Fort, Elem}
   (You took it off a goblin on level 1 of the Dungeon)

   It has a curse which improves the following skills: Fortitude: Armour and
   Shields.
   Elements:  Fire Magic, Ice Magic, Air Magic and Earth Magic.
Armour
 b - the cursed +1 pair of gloves of the Cryptic Disgust (worn) {Evo, Cun}

   It has a curse which improves the following skills: Evocations: Evocations.
   Cunning:   Dodging and Stealth.
 e - the cursed +1 steam dragon scales "Astrological Discomfort" (worn) {Elem, Cun}
   (You found it on level 8 of the Dungeon)

   It has a curse which improves the following skills: Elements: Fire Magic, Ice
   Magic, Air Magic and Earth Magic.
   Cunning:   Dodging and Stealth.
 f - a +2 pair of boots (worn)
   (You found it on level 1 of the Dungeon)
 u - the +6 chain mail "Jafiemp" {rN+ Dex+2}
   (You took it off a goblin on level 2 of the Dungeon)

   Dex:       It affects your dexterity (+2).
   rN:        It protects you from negative energy.
 K - the +1 cloak "Pimuohoi" (worn) {Stlth+}
   (You found it on level 4 of the Dungeon)

   Stlth:     It makes you more stealthy.
 M - the cursed +2 hat of Cremastomancy (worn) {Evo, Alch}
   (You found it on level 4 of the Lair of Beasts)

   It has a curse which improves the following skills: Evocations: Evocations.
   Alchemy:   Poison Magic and Transmutations.
 Q - a +0 leather armour
   (You found it on level 6 of the Dungeon)
 R - a +0 robe
   (You took it off a gnoll bouda on level 6 of the Dungeon)
 T - a +0 chain mail
   (You found it on level 6 of the Dungeon)
 U - a +0 robe
   (You found it on level 6 of the Dungeon)
 V - a +0 robe
   (You took it off an orc wizard on level 6 of the Dungeon)
 W - a +0 robe of cold resistance
   (You took it off an orc wizard on level 6 of the Dungeon)
 X - a +0 leather armour
   (You found it on level 6 of the Dungeon)
 Z - a +0 robe
   (You found it on level 7 of the Dungeon)
Magical Staves
 n - a staff of fire {!astaff}
   (You found it on level 1 of the Dungeon)
Jewellery
 i - an amulet of magic regeneration {@e2}
   (You found it on level 7 of the Dungeon)
 w - the cursed amulet of the Restrained Seeker (around neck) {Spirit, Elem, Bglg}
   (You found it on level 3 of the Dungeon)

   [amulet of guardian spirit]

   It causes incoming damage to be divided between your reserves of health and
   magic.
   It has a curse which improves the following skills: Elements: Fire Magic, Ice
   Magic, Air Magic and Earth Magic.
   Beguiling: Conjurations, Hexes and Translocations.
 D - the cursed ring of the Wild Blue Yonder (right hand) {Dex+6, Self, Bglg}
   (You found it on level 10 of the Dungeon)

   [ring of dexterity]

   Dex:       It affects your dexterity (+6).
   It has a curse which improves the following skills: Introspection: Fighting
   and Spellcasting.
   Beguiling: Conjurations, Hexes and Translocations.
 P - the ring of the Madman {Drain Will+ MP+9 SInv Stlth+}
   (You found it in a Gauntlet)

   [ring of see invisible]

   MP:        It affects your magic capacity (+9).
   SInv:      It lets you see invisible.
   Drain:     It drains your maximum health when unequipped.
   Will:      It increases your willpower.
   Stlth:     It makes you more stealthy.
 S - an amulet of reflection
   (You took it off a yaktaur on level 10 of the Dungeon)
 Y - the cursed ring of the Ensconced Planets (left hand) {Will+, Range, Alch}
   (You found it on level 7 of the Dungeon)

   [ring of willpower]

   Will:      It increases your willpower.
   It has a curse which improves the following skills: Ranged Combat: Ranged
   Weapons and Throwing.
   Alchemy:   Poison Magic and Transmutations.
Wands
 d - a wand of flame (18)
   (You took it off Dowan on level 7 of the Dungeon)
 r - a wand of quicksilver (1)
   (You found it on level 7 of the Dungeon)
 I - a wand of roots (5)
   (You found it on level 3 of the Lair of Beasts)
 J - a wand of polymorph (4)
   (You found it on level 1 of the Lair of Beasts)
 N - a wand of digging (6)
   (You found it on level 4 of the Lair of Beasts)
Scrolls
 c - 4 scrolls of fear
 l - 2 scrolls of enchant weapon
 o - 3 scrolls of silence {!r}
 p - 3 scrolls of immolation {!r!r}
 x - 3 scrolls of teleportation {@r4}
 y - 8 scrolls of vulnerability {!r!r}
 A - 2 scrolls of amnesia
 B - 2 scrolls of fog
 H - a scroll of magic mapping {!r}
 O - a scroll of enchant armour
Potions
 g - a potion of resistance
 h - a potion of mutation {!q}
 j - 3 potions of lignification {!q}
 m - 6 potions of curing {@q1}
 q - a potion of heal wounds {@q2}
 t - 3 potions of magic
 z - a potion of haste {@q3}
 C - 2 potions of ambrosia
 E - a potion of invisibility
 F - 5 potions of brilliance
 G - 2 potions of might
 L - 2 potions of cancellation
Miscellaneous
 s - a lightning rod (4/4)
   (You found it on level 9 of the Dungeon)

Dungeon Overview and Level Annotations

Branches:
Dungeon (11/15) Zot: 25865  Temple (0/1) D:7            Lair (5/5) D:10 Zot: 23978
  Swamp (0/4) Lair:2       Spider (0/4) Lair:2      Gauntlet (1/1) Zot: 5622
  Slime: Lair:4-5       Orc: D:9-12

Altars:
Ashenzari
Cheibriados
Dithmenos
Elyvilon
Fedhas
Nemelex Xobeh
Qazlal
Ru
Trog
Uskayaw
Vehumet
Wu Jian
Xom
Yredelemnul

Shops:
D:6 :

Annotations:
Gauntlet 8 transporters, 1 runed translucent door

##* ## ### ##
#≈###≈###≈###≈##*≈##
≈≈≈#≈≈≈#≈≈≈#≈≈≈#≈≈≈###
#≈..................≈≈
##.P.#########.PPPP..≈
##≈.♣.###°°°###.♣P.P...# *
≈≈.P.###°☼@###...P.....≈≈#
*#≈...##.'##°°###.♣P♣P♣..≈#
##...#©[#©#°°#©#.........##
##≈.♣.##!##+.°#.#########..≈
#≈≈...###...###.#...##..#...
##≈...###...###.###...#.#...
##...#########.#..#..#.###.
##≈.♣.........#©#©?#©#..#©#.
*
*#≈≈.P.#########.#.#.†#..#.#.


There were no monsters in sight!


Message History

The spectral centaur warrior is blasted with magical radiation!!!
You destroy the spectral centaur warrior!
The spectral hornet is blasted with magical radiation.
You are lightly contaminated with residual magic.
You are engulfed in dark miasma.
You are poisoned.
You feel very sick. The death drake closely misses you.
The spectral hornet hits you but does no damage.
The death drake misses you.
Your base Spellcasting skill increases to level 17! 😕 HP[-7] MP[-5]
You take 7 damage, and now have 79/86 hp.
You lost 5 mp, and now have 28/38 mp.
Unknown command.
Unknown command.
Unknown command.
Casting: Irradiate (dangerous; 1% risk of failure)
Confirm with . or Enter, or press ? or * to list all spells.
You erupt in a fountain of uncontrolled magic!
The death drake is blasted with magical radiation!!
The death drake twists and deforms.
The spectral hornet is blasted with magical radiation!!
You destroy the spectral hornet!
You are engulfed in dark miasma.
You are more poisoned.
You feel yourself slow down.
You feel extremely sick.
The death drake closely misses you. 😮 HP[-15] MP[-7]
You take 15 damage, and now have 64/86 hp.
You lost 7 mp, and now have 21/38 mp.
Unknown command.
Unknown command.
Unknown command.
You feel better.
You are engulfed in dark miasma.
You are poisoned.
You feel extremely sick. The death drake breathes miasma at you.
The foul vapour engulfs you!
You are lethally poisoned!
You feel as though you will be slow longer.
The death drake bites you. 😮 HP[-17] MP[-5]
You take 17 damage, and now have 47/86 hp.
You lost 5 mp, and now have 16/38 mp.
Unknown command.
Unknown command.
Aiming: Quicksilver Bolt
Press: ? - help, Shift-Dir - straight line, f - death drake
Aim: a death drake (foul pestilence, almost dead, misshapen and mutated, 57% to hit)
The bolt of dispelling energy misses the death drake.
You are engulfed in dark miasma.
You are more poisoned.
* * * LOW HITPOINT WARNING * * *
x2 You feel extremely sick.
The death drake closely misses you.
The death drake completely misses you. 😱 HP[-36] MP[-3]
You take 36 damage, and now have 11/86 hp.
MASSIVE DAMAGE!! (PAUSE)
You lost 3 mp, and now have 13/38 mp.
Unknown command.
You feel much better.
* * * LOW HITPOINT WARNING * * *
You feel extremely sick. The death drake completely misses you.
The death drake breathes miasma at you.
The foul vapour misses you. 😨 HP[+13] MP[+1]
You regained 13 hp, and now have 24/86 hp.
Okay, then.
Unknown command.
Really read
v - a scroll of blinking {!r}?
Blink to where?
Press: ? - help, Dir - move target, p - death drake
As you read the scroll of blinking {!r}, it crumbles to dust.
* * * LOW HITPOINT WARNING * * *
You feel extremely sick. 😱 HP[-14]
You take 14 damage, and now have 10/86 hp.
Unknown command.
Unknown command.
You feel better. The death drake breathes miasma at you.
The foul vapour misses you. 😱 HP[+8]
You regained 8 hp, and now have 18/86 hp.
Okay, then.
Unknown command.
Casting: Irradiate (dangerous; 1% risk of failure)
Confirm with . or Enter, or press ? or * to list all spells.
You erupt in a fountain of uncontrolled magic!
The death drake is blasted with magical radiation!!!
You kill the death drake!
You are contaminated with residual magic.
You are engulfed in dark miasma.
You are lethally poisoned!
* * * LOW HITPOINT WARNING * * *
You die...

Skill      XL: |  1  2  3  4  5  6  7  8  9 10 11 12 13 14 |
---------------+-------------------------------------------+-----
Staves         | 2 |  2.2
Dodging        | 2 3 5 10 | 10.4
Stealth        | 3 4 |  4.8
Spellcasting   | 2 3 6 7 9 10 13 14 16 17 | 17.0
Hexes          | 5 |  5.6
Transmutations | 3 5 7 8 11 | 11.7
Poison Magic   | 3 5 7 8 |  8.6
Fighting       | 2 3 6 7 |  7.3
Unarmed Combat | 1 2 |  2.9
Conjurations   | 5 |  5.5
Ice Magic      | 5 |  5.5
Air Magic      | 5 |  5.0
Armour         | |  1.0

Action                     |  1- 3 |  4- 6 |  7- 9 | 10-12 | 13-15 || total
---------------------------+-------+-------+-------+-------+-------++-------
  Melee: Quarterstaff      |    43 |       |       |       |       ||    43
         Dagger            |    57 |   195 |   168 |   195 |    65 ||   680
         Punch             |     2 |     3 |     1 |    14 |     1 ||    21
         Unarmed           |       |       |   214 |   156 |       ||   370
         Long sword        |       |       |     7 |     2 |       ||     9
   Cast: Slow              |     5 |     8 |     4 |       |       ||    17
         Tukima's Dance    |       |     1 |    19 |    26 |       ||    46
         Spider Form       |       |       |    19 |    14 |       ||    33
         Olgreb's Toxic Ra |       |       |     7 |    73 |    39 ||   119
         Ignite Poison     |       |       |       |    53 |    41 ||    94
         Freezing Cloud    |       |       |       |    10 |    30 ||    40
         Irradiate         |       |       |       |       |     4 ||     4
 Invoke: Curse Item        |       |       |     1 |     3 |     3 ||     7
  Evoke: Wand              |       |       |     3 |    40 |     1 ||    44
         Lightning rod     |       |       |       |     3 |       ||     3
    Use: Scroll            |       |     5 |    14 |     4 |     1 ||    24
         Potion            |       |       |     5 |     2 |     3 ||    10
   Stab: Sleeping          |    11 |     1 |    12 |     6 |     1 ||    31
         Distracted        |       |       |       |     1 |       ||     1
 Armour: Robe              |    28 |    25 |    14 |       |       ||    67
         Chain mail        |       |    90 |     3 |       |       ||    93
         Leather armour    |       |       |    64 |       |       ||    64
         Skin              |       |       |     8 |     3 |       ||    11
         Steam dragon scal |       |       |       |    75 |    22 ||    97
  Dodge: Dodged            |    57 |    98 |   349 |   550 |    95 ||  1149

Levels and vault maps discovered:
D:1:      lightli_iron_boxes, layout_loops_ring
D:2:      layout_rooms, basic_altar
D:3:      layout_rooms, mainiacjoe_overflow_six_doors_small,
          nemelex_xobeh_ov_fountains_minmay, mainiacjoe_overflow_catwalk_spiral,
          shapermc_ecumenical_altar_hornbeckon, cheibrodos_gnoll_hut,
          uniq_crazy_yiuf_cottage, uniq_natasha
D:4:      layout_basic, uniq_eustachio, uniq_sigmund, uniq_blork_the_orc
D:5:      layout_cave_pools, yredelemnul_forgotten_temple_becter
D:6:      layout_rooms, nicolae_overflow_crystal_walls,
          nicolae_ru_sacrificial_ziggurat, serial_shops, shop_statue,
          dreamdust_wishing_well
D:7:      layout_loops_ring, nicolae_ashenzari_panopticon, temple_hall,
          uniq_duvessa
D:8:      layout_rooms, mainiacjoe_overflow_catwalk,
          mainiacjoe_overflow_boulevard
D:9:      layout_roguey, kennysheep_mini_moat, xom_teletrap_fun
D:10:     hangedman_cross_cluster, layout_irregular_city,
          kennysheep_slug_shrine, general_overflow_altar
D:11:     layout_rooms, orc_0_dummy, serial_shops, shop,
          minmay_tree_intersection
Lair:1:   layout_long_grid
Lair:2:   layout_chaotic_city, swamp_mist_pool,
          nicolae_spider_entry_orb_guardian
Lair:3:   layout_roguey [special_room_mythical_zoo],
          grunt_forest_small_clearing_treed, serial_bayou_shore_a,
          infiniplex_staircase_pool, grunt_megastairs_4
Lair:4:   layout_loops_ring, small_statue_intersection
Lair:5:   guppyfry_lair_end_dragon, layout_regular_city,
          hangedman_lair_tendril_chambers, slime_entry_1, gauntlet_entry_generic
Gauntlet: minmay_gauntlet_77_tree [minmay_gauntlet_arena_77_museum,
          minmay_gauntlet_arena_77_squiggly,
          minmay_gauntlet_arena_77_block_sizes,
          minmay_gauntlet_arena_77_cramped,
          minmay_gauntlet_arena_77_chump_sandwich,
          minmay_gauntlet_arena_77_broken_ladder, minmay_gauntlet_arena_77_mess,
          gauntlet_exit_watery]

Notes
Turn   | Place    | Note
-------+----------+-------------------------------------------
     0 | D:1      | MackTheKnife the Deep Elf Wanderer began the quest for the
                  | Orb.
     0 | D:1      | MackTheKnife set off with the following items: a +0
                  | quarterstaff {staff}, a +0 pair of gloves, a scroll of
                  | fear, a +0 robe; and the following spell memorised: Slow;
                  | and the following spells available to memorise: Tukima's
                  | Dance, Inner Flame.
     0 | D:1      | Reached XP level 1. HP: 12/12 MP: 5/5
     0 | D:1      | magus.rc [v1.9.6]
   276 | D:1      | Reached skill level 2 in Staves
   276 | D:1      | Reached XP level 2. HP: 16/16 MP: 6/6
   469 | D:1      | Reached skill level 2 in Dodging
   944 | D:2      | Reached XP level 3. HP: 20/20 MP: 7/7
   964 | D:2      | Found a sacrificial altar of Ru.
  1197 | D:2      | Reached skill level 3 in Stealth
  1205 | D:2      | You add the spells Blink, Manifold Assault and Storm Form
                  | to your library.
  1384 | D:2      | Identified the +6 chain mail "Jafiemp" {rN+ Dex+2}
  1395 | D:2      | Reached XP level 4. HP: 25/25 MP: 5/8
  1650 | D:3      | Reached skill level 4 in Stealth
  1752 | D:3      | Learned a level 3 spell: Tukima's Dance
  1759 | D:3      | Found a white marble altar of Elyvilon.
  1766 | D:3      | Noticed Natasha
  1791 | D:3      | Killed Natasha
  1792 | D:3      | Reached skill level 2 in Spellcasting
  1808 | D:3      | Reached XP level 5. HP: 28/29 MP: 7/10
  1829 | D:3      | You pick up a book of Changes and begin reading...
  1829 | D:3      | You add the spells Beastly Appendage, Wereblood and Spider
                  | Form to your library.
  1846 | D:3      | Found a stormy altar of Qazlal.
  2122 | D:3      | Found a bloodstained altar of Trog.
  2125 | D:3      | Found a sparkling altar of Nemelex Xobeh.
  2243 | D:3      | Noticed Natasha
  2251 | D:3      | Killed Natasha
  2252 | D:3      | Reached skill level 3 in Spellcasting
  2252 | D:3      | Reached skill level 5 in Hexes
  2273 | D:3      | Noticed Natasha
  2285 | D:3      | Killed Natasha
  2298 | D:3      | Found a runed translucent door.
  2299 | D:3      | Noticed Crazy Yiuf
  2307 | D:3      | Killed Crazy Yiuf
  2308 | D:3      | Reached XP level 6. HP: 32/34 MP: 7/13
  2401 | D:3      | Reached skill level 4 in Spellcasting
  2501 | D:3      | Found a faded altar of an unknown god.
  2551 | D:4      | Noticed Blork the orc
  2631 | D:4      | Noticed Sigmund
  2676 | D:4      | Noticed Eustachio
  2728 | D:5      | Entered Level 5 of the Dungeon
  2761 | D:5      | HP: 6/34 [ogre/+0 giant club (12)]
  2764 | D:5      | Reached skill level 5 in Spellcasting
  2766 | D:5      | HP: 5/34 [adder (2)]
  3053 | D:4      | Reached skill level 6 in Spellcasting
  3053 | D:4      | Reached XP level 7. HP: 33/38 MP: 14/18
  3076 | D:4      | Learned a level 3 spell: Spider Form
  3144 | D:4      | Killed Blork the orc
  3145 | D:4      | Reached skill level 1 in Transmutations
  3145 | D:4      | Reached skill level 1 in Poison Magic
  3336 | D:4      | You pick up a book of Cantrips and begin reading...
  3336 | D:4      | You add the spells Necrotise, Summon Small Mammal and
                  | Apportation to your library.
  3450 | D:4      | HP: 8/38 [river rat[Eustachio] (5)]
  3451 | D:4      | Killed Eustachio
  3452 | D:4      | Reached skill level 7 in Spellcasting
  3452 | D:4      | Reached skill level 2 in Transmutations
  3452 | D:4      | Reached skill level 2 in Poison Magic
  3646 | D:4      | Identified the +1 cloak "Pimuohoi" {Stlth+}
  3676 | D:4      | Killed Sigmund
  3677 | D:4      | Reached skill level 3 in Poison Magic
  3964 | D:5      | Reached skill level 3 in Transmutations
  4044 | D:5      | Reached XP level 8. HP: 43/43 MP: 21/21
  4085 | D:5      | HP: 9/43 [jelly (2)]
  4087 | D:5      | HP: 2/43 [acid (4)]
  4088 | D:5      | Reached skill level 8 in Spellcasting
  4511 | D:5      | Found a basalt altar of Yredelemnul.
  4575 | D:6      | Found Wevesot's Book Boutique.
  4596 | D:6      | You pick up a book of Changes and begin reading...
  4618 | D:6      | Noticed a two-headed ogre
  4645 | D:6      | HP: 10/43 [two-headed ogre/+0 giant spiked club (10)]
  4665 | D:6      | Killed a two-headed ogre
  4666 | D:6      | Reached skill level 9 in Spellcasting
  4666 | D:6      | Reached skill level 5 in Transmutations
  4666 | D:6      | Reached skill level 5 in Poison Magic
  5258 | D:6      | Reached skill level 3 in Dodging
  5324 | D:6      | Reached skill level 2 in Fighting
  5324 | D:6      | Reached skill level 1 in Unarmed Combat
  5324 | D:6      | Reached XP level 9. HP: 31/48 MP: 15/24
  5407 | D:6      | Found a shadowy altar of Dithmenos.
  5719 | D:6      | Found a sacrificial altar of Ru.
  5820 | D:6      | Reached skill level 4 in Dodging
  5906 | D:7      | Found a broken altar of Ashenzari.
  6083 | D:7      | Identified the +8 trident of Wyrd {antimagic, rPois Dex+3
                  | SInv Stlth+}
  6223 | D:7      | You add the spells Sting, Poisonous Vapours and Olgreb's
                  | Toxic Radiance to your library.
  6319 | D:7      | Paralysed by a hornet for 3 turns
  6321 | D:7      | HP: 12/49 [poisoned by a hornet]
  6326 | D:7      | HP: 6/49 [hornet (9)]
  6328 | D:7      | Reached skill level 2 in Unarmed Combat
  6523 | D:7      | Reached skill level 3 in Fighting
  6779 | D:7      | Noticed Duvessa
  6779 | D:7      | Noticed Dowan
  6782 | D:7      | Killed Duvessa
  6782 | D:7      | Killed Dowan
  6783 | D:7      | Reached skill level 5 in Dodging
  6850 | D:7      | Became a worshipper of Ashenzari the Shackled
  7068 | D:7      | Learned a level 4 spell: Olgreb's Toxic Radiance
  7081 | D:7      | Found a staircase to the Ecumenical Temple.
  7851 | D:8      | Reached skill level 6 in Poison Magic
  7931 | D:8      | Reached skill level 10 in Spellcasting
  8084 | D:8      | Found an ornate altar of the Wu Jian Council.
  8574 | D:8      | Found a blossoming altar of Fedhas.
  8908 | D:9      | Reached skill level 7 in Poison Magic
  8908 | D:9      | Reached XP level 10. HP: 56/56 MP: 12/26
  8985 | D:9      | Found a radiant altar of Vehumet.
  9022 | D:9      | Reached skill level 11 in Spellcasting
  9354 | D:9      | Reached skill level 8 in Poison Magic
  9361 | D:9      | Reached skill level 12 in Spellcasting
  9614 | D:9      | Found a shimmering altar of Xom.
  9624 | D:9      | Reached * piety under Ashenzari
  9665 | D:9      | HP: 9/56 [yak (10)]
  9670 | D:9      | HP: 1/56 [yak (9)]
  9674 | D:9      | Reached skill level 6 in Transmutations
  9703 | D:9      | Identified the cursed +1 pair of gloves of the Cryptic
                  | Disgust {Evo, Cun}
 10116 | D:10     | Entered Level 10 of the Dungeon
 10121 | D:10     | Noticed a two-headed ogre
 10128 | D:10     | Killed a two-headed ogre
 10129 | D:10     | Reached skill level 13 in Spellcasting
 10212 | D:10     | Noticed a two-headed ogre
 10220 | D:10     | Killed a two-headed ogre
 10221 | D:10     | Reached skill level 7 in Transmutations
 10221 | D:10     | Reached XP level 11. HP: 42/60 MP: 8/30
 10342 | D:10     | Noticed a white ugly thing
 10565 | D:10     | HP: 14/60 [something (9)]
 10567 | D:10     | HP: 6/60 [something (9)]
 10567 | D:10     | HP: 1/60 [something (5)]
 10570 | D:10     | Reached skill level 4 in Fighting
 10732 | D:9      | Reached skill level 6 in Dodging
 11000 | D:10     | Noticed a two-headed ogre
 11010 | D:10     | Killed a two-headed ogre
 11011 | D:10     | Reached skill level 7 in Dodging
 11181 | D:10     | Noticed a two-headed ogre
 11325 | D:10     | Reached skill level 5 in Fighting
 11389 | D:10     | Found a hide-covered altar of Uskayaw.
 11417 | D:10     | Noticed a five-headed hydra
 11577 | D:10     | Noticed a five-headed hydra
 11919 | D:10     | Killed a two-headed ogre
 11920 | D:10     | Reached skill level 8 in Dodging
 12061 | D:10     | Found a snail-covered altar of Cheibriados.
 12094 | D:10     | You add the spells Kindle Blastsparks, Ignite Poison and
                  | Freezing Cloud to your library.
 12101 | D:10     | Learned a level 3 spell: Ignite Poison
 12167 | D:10     | Killed a white ugly thing
 12205 | D:9      | Killed a five-headed hydra
 12206 | D:9      | Reached skill level 6 in Fighting
 12343 | D:10     | Reached skill level 9 in Dodging
 12421 | D:10     | Killed a five-headed hydra
 12627 | D:10     | Noticed a boulder beetle
 12634 | D:10     | Killed a boulder beetle
 12770 | D:10     | Found a staircase to the Lair.
 12923 | Lair:1   | Entered Level 1 of the Lair of Beasts
 12984 | Lair:1   | Reached ** piety under Ashenzari
 12993 | Lair:1   | Reached skill level 10 in Dodging
 12993 | Lair:1   | Reached XP level 12. HP: 74/74 MP: 15/32
 12996 | Lair:1   | Reached skill level 7 in Fighting
 13181 | Lair:1   | You pick up a book of Storms and begin reading...
 13181 | Lair:1   | You add the spells Airstrike, Summon Lightning Spire and
                  | Lightning Bolt to your library.
 13371 | Lair:1   | Learned a level 5 spell: Freezing Cloud
 13654 | Lair:1   | Reached skill level 1 in Conjurations
 13654 | Lair:1   | Reached skill level 1 in Ice Magic
 13686 | Lair:1   | Reached skill level 1 in Air Magic
 13833 | Lair:1   | Reached skill level 2 in Ice Magic
 13837 | Lair:1   | Reached skill level 2 in Conjurations
 13837 | Lair:1   | Reached skill level 2 in Air Magic
 14142 | Lair:2   | You pick up a book of Armaments and begin reading...
 14142 | Lair:2   | You add the spells Stone Arrow, Animate Armour and
                  | Lehudib's Crystal Spear to your library.
 14239 | Lair:2   | Found a hole to the Spider Nest.
 14244 | Lair:2   | Reached skill level 3 in Conjurations
 14244 | Lair:2   | Reached skill level 3 in Ice Magic
 14367 | Lair:2   | Reached skill level 3 in Air Magic
 14414 | Lair:2   | Reached skill level 4 in Conjurations
 14414 | Lair:2   | Reached skill level 4 in Ice Magic
 14576 | Lair:2   | Reached skill level 4 in Air Magic
 14666 | Lair:2   | Reached skill level 5 in Conjurations
 14666 | Lair:2   | Reached skill level 5 in Ice Magic
 14882 | Lair:2   | Noticed a seven-headed hydra
 14889 | Lair:2   | Killed a seven-headed hydra
 14995 | Lair:2   | Found a staircase to the Swamp.
 15055 | Lair:2   | Reached skill level 5 in Air Magic
 15109 | Lair:2   | Identified the Lessons on Viridian Transportation
 15115 | Lair:2   | You add the spells Momentum Strike, Cigotuvi's Dreadful Rot
                  | and Teleport Other to your library.
 15351 | Lair:2   | Noticed a boulder beetle
 15358 | Lair:2   | Killed a boulder beetle
 15613 | Lair:3   | Noticed a six-headed hydra
 15626 | Lair:3   | Killed a six-headed hydra
 15911 | Lair:3   | Noticed a catoblepas
 15918 | Lair:3   | Killed a catoblepas
 15919 | Lair:3   | Reached skill level 14 in Spellcasting
 15919 | Lair:3   | Reached skill level 8 in Transmutations
 15919 | Lair:3   | Reached XP level 13. HP: 79/79 MP: 19/34
 15927 | Lair:3   | Learned a level 7 spell: Storm Form
 16637 | Lair:3   | Reached *** piety under Ashenzari
 16757 | Lair:3   | Reached skill level 9 in Transmutations
 17109 | Lair:3   | Reached skill level 15 in Spellcasting
 17455 | Lair:4   | Reached skill level 10 in Transmutations
 17599 | Lair:4   | Learned a level 4 spell: Manifold Assault
 18009 | Lair:4   | Reached skill level 16 in Spellcasting
 18011 | Lair:4   | Reached **** piety under Ashenzari
 18223 | Lair:4   | Reached skill level 11 in Transmutations
 18825 | Lair:5   | Entered Level 5 of the Lair of Beasts
 18932 | Lair:5   | Found a gate leading to a gauntlet.
 18939 | Gauntlet | Entered a Gauntlet
 18939 | Gauntlet | Found a transporter.
 18997 | Gauntlet | Found a transporter.
 19000 | Gauntlet | Found a transporter.
 19011 | Gauntlet | Found a transporter.
 19014 | Gauntlet | Found a transporter.
 19022 | Gauntlet | Identified the ring "Cujeps" {rPois rC+ rN+ Str-5 Dex+4}
 19023 | Gauntlet | Found a transporter.
 19038 | Gauntlet | Found a transporter.
 19047 | Gauntlet | Identified the ring of Awe {rElec rF+ Dex+3}
 19048 | Gauntlet | Found a transporter.
 19057 | Gauntlet | Found a runed translucent door.
 19058 | Gauntlet | Found a transporter.
 19059 | Gauntlet | Found a runed translucent door.
 19059 | Gauntlet | Identified the ring of the Madman {Drain Will+ MP+9 SInv
                  | Stlth+}
 19068 | Gauntlet | Found a transporter.
 19068 | Gauntlet | Found a transporter.
 19070 | Gauntlet | Found a transporter.
 19206 | Gauntlet | Found a transporter.
 19219 | Gauntlet | Reached XP level 14. HP: 78/86 MP: 21/38
 19234 | Gauntlet | You pick up a book of Alchemy and begin reading...
 19234 | Gauntlet | You add the spells Sublimation of Blood, Petrify and
                  | Irradiate to your library.
 19269 | Gauntlet | Learned a level 5 spell: Irradiate
 19302 | Gauntlet | Reached skill level 17 in Spellcasting
 19304 | Gauntlet | HP: 11/86 [poisoned by a death drake (dark miasma)]
 19308 | Gauntlet | Succumbed to poison (dark miasma)

Vanquished Creatures
  5 hydras
  A catoblepas (Lair:3)
  A two-headed ogre (D:6)
  3 death yaks (Lair:4)
  2 boulder beetles
  A death drake (Gauntlet)
  An orb spider (Lair:2)
  An ugly thing (D:10)
  A manticore (Lair:3)
  2 spectral centaurs (Gauntlet)
  A cyclops (D:10)
  3 black mambas
  14 elephants
  2 torpor snails
  5 cane toads
  A gargoyle (D:10)
  4 komodo dragons
  4 rime drakes
  A yaktaur (D:10)
  3 kobold demonologists (D:10)
  3 polar bears
  4 hornets
  2 trolls
  8 blink frogs
  12 dream sheep
  A vampire (D:10)
  46 yaks
  2 shadows (D:10)
  A wraith (D:10)
  9 wyverns
  Eustachio (D:4)
  2 steam dragons
  12 basilisks
  An acid dragon (D:10)
  A hell hound (Lair:3)
  A spectral hornet (Gauntlet)
  Duvessa (D:7)
  12 water moccasins
  2 sky beasts
  An ice beast (D:6)
  3 orc warriors
  An ogre (D:5)
  17 wolves
  3 centaurs
  11 bullfrogs
  Blork the orc (D:4)
  A small abomination (Gauntlet)
  4 gnoll sergeants
  A scorpion (D:6)
  2 wights (D:7)
  Dowan (D:7)
  11 killer bees
  4 howler monkeys
  3 electric eels
  4 jellies
  5 hounds
  3 orc priests
  2 gnoll boudas
  5 orc wizards
  Natasha (thrice) (D:3)
  5 iguanas
  9 hell rats (Lair:3)
  20 gnolls
  9 adders
  A white imp (D:6)
  4 ufetubi
  5 worms
  4 dart slugs
  13 orcs
  6 endoplasms
  4 giant cockroaches
  12 goblins
  4 hobgoblins
  4 jackals
  3 quokkas
  7 ball pythons
  6 bats
  2 frilled lizards (D:1)
  17 kobolds
  8 rats
  A spectral orc (D:5)
  A bush (Lair:3)
408 creatures vanquished.

Vanquished Creatures (collateral kills)
  4 two-headed ogres (D:10)
  Sigmund (D:4)
  4 wights
  Crazy Yiuf (D:3)
10 creatures vanquished.

Vanquished Creatures (others)
  5 dancing weapons
  4 demonic plants (Gauntlet)
  26 fungi
  47 plants
82 creatures vanquished.

Grand Total: 500 creatures vanquished

Table legend:
 A = Non-vault XP
 B = Vault XP
 C = Vault XP percentage of total XP
 D = Non-vault monster count
 E = Vault monster count
 F = Vault count percentage of total count
                 A         B        C        D         E       F
            +---------+---------+-------+---------+---------+-------
      Total |   49241 |   17636 |  26.4 |     340 |      77 |  18.5
            +---------+---------+-------+---------+---------+-------
        D:1 |      35 |       0 |   0.0 |      20 |       0 |   0.0
        D:2 |      74 |       0 |   0.0 |      24 |       0 |   0.0
        D:3 |     155 |     179 |  53.6 |      22 |       5 |  18.5
        D:4 |     201 |     530 |  72.5 |      19 |       3 |  13.6
        D:5 |     463 |       1 |   0.2 |      13 |       1 |   7.1
        D:6 |    1632 |       0 |   0.0 |      24 |       0 |   0.0
        D:7 |     806 |     213 |  20.9 |      11 |       2 |  15.4
        D:8 |    1165 |       0 |   0.0 |      16 |       0 |   0.0
        D:9 |    4270 |     861 |  16.8 |      36 |       1 |   2.7
       D:10 |    3555 |    7052 |  66.5 |      21 |      23 |  52.3
       D:11 |       3 |       0 |   0.0 |       2 |       0 |   0.0
     Lair:1 |    5152 |       0 |   0.0 |      25 |       0 |   0.0
     Lair:2 |    8813 |     737 |   7.7 |      35 |       1 |   2.8
     Lair:3 |   10001 |    4618 |  31.6 |      37 |      29 |  43.9
     Lair:4 |   10847 |       0 |   0.0 |      31 |       0 |   0.0
     Lair:5 |    2069 |     651 |  23.9 |       4 |       3 |  42.9
   Gauntlet |       0 |    2794 | 100.0 |       0 |       9 | 100.0
            +---------+---------+-------+---------+---------+-------

Illustrated notes

Table legend:
 A = Kills in this place as a percentage of kills in entire the game.
 B = Kills by you in this place as a percentage of kills by you in the entire game.
 C = Kills by friends in this place as a percentage of kills by friends in the entire game.
 D = Other kills in this place as a percentage of other kills in the entire game.
 E = Experience gained in this place as a percentage of experience gained in the entire game.
 F = Experience gained in this place divided by the number of levels of this place that you have seen.
                   A       B       C       D       E      F
               +-------+-------+-------+-------+-------+----------------------
         Total | 100.0 | 100.0 | 100.0 |   N/A | 100.0 | 3933.9
       Dungeon |  58.3 |  57.2 | 100.0 |   N/A |  31.7 | 1926.8
          Lair |  39.6 |  40.5 |   0.0 |   N/A |  64.1 | 8577.6
      Gauntlet |   2.2 |   2.2 |   0.0 |   N/A |   4.2 | 2794.0
               +-------+-------+-------+-------+-------+----------------------

Table legend: (Time is in decaauts)
 A = Elapsed time spent in this place.
 B = Non-inter-level travel time spent in this place.
 C = Inter-level travel time spent in this place.
 D = Time resting spent in this place.
 E = Time spent auto-exploring this place.
 F = Levels seen in this place.
 G = Mean time per level.
                   A        B        C        D        E       F      G
               +--------+--------+--------+--------+--------+-----+--------+
         Total |  19348 |  18599 |    749 |   4759 |   9765 |  17 | 1138.1 |
       Dungeon |  12949 |  12256 |    693 |   3035 |   6251 |  11 | 1177.2 |
          Lair |   6021 |   5965 |     56 |   1632 |   3419 |   5 | 1204.2 |
      Gauntlet |    377 |    377 |      0 |     92 |     94 |   1 |  377.0 |
               +--------+--------+--------+--------+--------+-----+--------+

Top non-repeatable levels by time:
    D:10: 2074 daAuts
     D:9: 2007 daAuts
  Lair:3: 1860 daAuts
     D:7: 1772 daAuts
  Lair:2: 1471 daAuts
  Lair:4: 1374 daAuts
     D:6: 1308 daAuts
  Lair:1: 1201 daAuts
     D:5: 1113 daAuts
     D:8: 1065 daAuts
     D:3: 1011 daAuts
     D:4: 971 daAuts
     D:1: 950 daAuts
     D:2: 659 daAuts
Gauntlet: 377 daAuts
